 Dungeon Crawl Stone Soup version 0.27-a0-1136-g0b992a5a9d (webtiles) character file.

Game seed: 13505846530152929595

53835 jestyr24 the Eclecticist (level 14, -11/106 HPs)
             Began as a Djinni Conjurer on May 4, 2021.
             Was the Champion of Makhleb.
             Killed by an exploding fulminant prism (57 damage)
             ... on level 6 of the Lair of Beasts on May 5, 2021.
             The game lasted 01:56:57 (16208 turns).

jestyr24 the Eclecticist (Djinni Conjurer)         Turns: 16208, Time: 01:56:59

Health: -11/106    AC: 12    Str:  6    XL:     14   Next: 70%
Gold:   466        EV: 12    Int: 23    God:    Makhleb [******] SH:  3 Dex: 14

rFire    + + .     SeeInvis +   b - staff of conjuration
rCold    x . .     Faith    .   Z - +0 buckler
rNeg     . . .     Spirit   .   d - +4 troll leather armour
rPois    ∞         Reflect  .   q - +0 helmet
rElec    .         Harm     .   u - +0 cloak
rCorr    .         Rampage  .   r - +0 pair of gloves
Will     ++...                  (boots unavailable)
Stlth    +++.......             n - amulet of regeneration
HPRegen  2.27/turn              S - ring of willpower
MPRegen  0.00/turn              Q - ring of see invisible

@: flying
A: sickness immunity, fire resistance 2, cold vulnerability 1, float, innate
caster, hp casting, extra vitality 1
a: Renounce Religion, Minor Destruction, Lesser Servant of Makhleb, Major
Destruction, Greater Servant of Makhleb


You were on level 6 of the Lair of Beasts.
You worshipped Makhleb.
Makhleb was exalted by your worship.
You visited 3 branches of the dungeon, and saw 18 of its levels.

You collected 1194 gold pieces.
You spent 728 gold pieces at shops.

Inventory:

Hand Weapons
 a - a +9 trident of venom
 p - a +6 falchion of electrocution
 C - a +0 vampiric whip
 F - the +9 arbalest of Grand Offence {freeze, Drain rPois Int+2 Dex+3}
   (You found it on level 6 of the Dungeon)

   It causes projectiles fired from it to freeze those they strike, causing
   extra injury to most foes and up to half again as much damage against
   particularly susceptible opponents.
   They can also slow down cold-blooded creatures.
   It affects your intelligence (+2).
   It affects your dexterity (+3).
   It protects you from poison.
   It drains your maximum health when unequipped.
Missiles
 h - a throwing net
 m - 84 poisoned darts
 o - 422 stones
 s - 17 curare-tipped darts
 A - 29 boomerangs
 O - 104 bolts
 T - 8 atropa-tipped darts
Armour
 d - a +4 troll leather armour (worn)
 q - a +0 helmet (worn)
 r - a +0 pair of gloves (worn)
 u - a +0 cloak (worn)
 I - a +0 robe
 J - +0 swamp dragon scales
 W - the +0 pair of fencer's gloves {Riposte Dex+3}
   (You acquired it on level 11 of the Dungeon)

   It affects your dexterity (+3).
 Z - a +0 buckler (worn)
Magical Staves
 b - a staff of conjuration (weapon)
Jewellery
 g - a +6 ring of strength
 n - an amulet of regeneration (around neck)
 Q - a ring of see invisible (right hand)
 R - a ring of wizardry
 S - a ring of willpower (left hand)
Wands
 y - a wand of charming (15)
 G - a wand of polymorph (10)
 K - a wand of iceblast (32)
 N - a wand of digging (4)
 P - a wand of acid (14)
Scrolls
 f - 4 scrolls of fog
 i - 5 scrolls of identify
 j - 2 scrolls of teleportation
 l - 4 scrolls of immolation {unknown}
 D - a scroll of magic mapping
 L - a scroll of summoning {unknown}
 M - 2 scrolls of enchant armour
 U - a scroll of enchant weapon
 V - 2 scrolls of silence {unknown}
 Y - a scroll of blinking {unknown}
Potions
 c - 5 potions of curing
 e - 2 potions of cancellation
 k - 4 potions of haste
 t - 8 potions of lignification
 v - 2 potions of degeneration {unknown}
 w - 5 potions of ambrosia
 x - 2 potions of mutation {unknown}
 z - 3 potions of brilliance
 B - 4 potions of might {unknown}
 E - 5 potions of heal wounds {unknown}
 H - 2 potions of flight {unknown}
 X - a potion of berserk rage


   Skills:
 * Level 11.7 Fighting
 - Level 1.2 Polearms
 - Level 4.1 Armour
 - Level 5.1 Dodging
 + Level 5.2 Stealth
 + Level 16.8 Spellcasting
 + Level 2.5 Evocations


You had 14 spell levels left.
You knew the following spells:

 Your Spells              Type           Power      Damage    Failure   Level
a - Magic Dart            Conj           100%       1d8       0%          1
b - Searing Ray           Conj           100%       3d7       0%          2
c - Dazzling Flash        Conj/Hex       100%       N/A       1%          3
d - Fulminant Prism       Conj/Hex       49%        3d21      1%          4
e - Iskenderun's Mystic   Conj/Tloc      98%        2d19      1%          4
f - Sandblast             Erth           100%       2d20      0%          1
g - Passwall              Tmut/Erth      64%        N/A       0%          2
h - Call Canine Familiar  Summ           77%        N/A       1%          3
i - Gell's Gravitas       Tloc           38%        N/A       1%          3
j - Animate Dead          Necr           38%        N/A       1%          4
k - Silence               Hex/Air        38%        N/A       1%          5
Your spell library was empty.

Dungeon Overview and Level Annotations

Branches:
Dungeon (11/15)            Temple (1/1) D:7            Lair (6/6) D:11
 Shoals (0/4) Lair:2       Spider (0/4) Lair:2          Orc (0/2) D:9
  Slime: Lair:5-6

Altars:
Ashenzari
Cheibriados
Dithmenos
Elyvilon
Fedhas
Gozag
Hepliaklqana
Kikubaaqudgha
Makhleb
Nemelex Xobeh
Okawaru
Qazlal
Ru
Sif Muna
Trog
Uskayaw
Vehumet
Wu Jian
Xom
Yredelemnul
Zin
The Shining One

Shops:
D:11 (?:*

Annotations:
D:7 1 exclusion


Innate Abilities, Weirdness & Mutations

You are immune to sickness and miasma.
You are immune to poison.
Your flesh is very heat resistant. (rF++)
You are vulnerable to cold. (rC-)
You float through the air rather than walking.
You learn spells naturally, not from books.
Your magical power is your life essence.
You have superior vitality. (+4 HP)


Message History

The electric eel shoots out a bolt of lightning at you!
The bolt of electricity hits you!
The electric eel shoots out a bolt of lightning at you!
The bolt of electricity hits you!
Casting: Fulminant Prism (safe; 1% risk of failure)
Confirm with . or Enter, or press ? or * to list all spells.
Aiming: Searing Ray (safe; 0% risk of failure)
Press: ? - help, Shift-Dir - straight line, f - electric eel
Aim: an electric eel (ally target, 72% to hit)
You feel a surge of power!
The searing ray hits the electric eel!
You kill the electric eel!
Makhleb accepts your kill.
You feel better. (Press . to maintain the ray.)
The electric eel shoots out a bolt of lightning at you!
The bolt of electricity hits you!
Your fulminant prism crackles loudly.
The electric eel shoots out a bolt of lightning at you!
The bolt of electricity misses you.
Your fulminant prism explodes!
The blast of energy engulfs you!!
Casting: Searing Ray (safe; 0% risk of failure)
Confirm with . or Enter, or press ? or * to list all spells.
Aiming: Fulminant Prism (safe; 1% risk of failure)
Press: ? - help, Dir - move target You feel a surge of power!
You conjure a prism of explosive energy!
A fulminant prism comes into view.
The electric eel shoots out a bolt of lightning at you!
The bolt of electricity hits you!
The electric eel shoots out a bolt of lightning at you!
The bolt of electricity hits you!
Your fulminant prism crackles loudly.
Your fulminant prism explodes!
The blast of energy engulfs the electric eel!!!
You kill the electric eel!
Makhleb accepts your kill.
You feel better. The blast of energy engulfs you!!!
Ouch! That really hurt!
You die...

....#...≈≈≈≈P≈ ##≈≈≈≈≈≈≈≈≈≈≈.≈.
....#.PP≈≈≈≈≈≈ ###≈≈≈≈≈≈≈≈≈≈..
...#####.P≈≈≈≈ #≈≈≈≈≈≈≈≈≈≈≈≈≈.≈
.###.######.. ≈≈≈≈≈≈≈≈≈≈≈≈≈≈≈. .#
#.≈≈#≈≈#######≈≈.≈≈≈≈≈≈≈≈≈≈≈≈≈
####.≈≈≈≈≈#≈≈##≈≈≈≈≈.≈≈≈≈≈≈≈≈≈≈≈.
.....≈≈≈≈≈≈≈≈.≈≈?)(≈≈.≈≈
....≈≈≈≈≈≈≈.≈≈≈≈:([$≈≈≈≈
.##..≈≈≈≈≈≈≈≈.≈≈@[)$P≈.≈
..#.≈≈≈≈≈≈.≈≈≈.≈≈≈≈≈≈###
....≈≈≈≈≈≈≈≈≈≈≈..≈≈###
....≈≈≈≈≈≈≈≈≈≈≈≈≈≈≈≈≈≈
....≈≈P≈≈≈≈≈≈≈≈≈≈#≈≈≈≈≈
.....≈.≈≈≈≈≈≈≈####≈≈≈≈≈≈
...P.≈≈≈≈≈≈≈≈≈≈≈ #≈≈≈≈≈
......≈≈≈≈≈≈P≈≈≈≈ #≈P≈≈
....≈..≈≈≈≈≈≈≈≈≈≈


There were no monsters in sight!

Vanquished Creatures
  7 hydras
  A boulder beetle (D:11)
  A centaur warrior (D:11)
  2 catoblepae
  9 death yaks (Lair:6)
  A two-headed ogre (D:10)
  The ghost of indyram44 the Spear-Bearer, a novice MfGl of Okawaru (D:10)
  Nergalle (Lair:4)
  Urug (D:10)
  Sonja (Lair:5)
  3 skeletal warriors (D:10)
  A lindwurm (Lair:5)
  An oklob plant (D:11)
  5 elephants (Lair:5)
  A cyclops (D:11)
  Joseph (D:7)
  A manticore (D:9)
  7 black mambas
  A torpor snail (Lair:6)
  A gargoyle (D:10)
  16 cane toads
  Maggie (D:7)
  An unseen horror (D:10)
  2 rime drakes
  8 komodo dragons
  3 trolls
  4 polar bears
  3 merfolk (Lair:2)
  2 tyrant leeches (Lair:6)
  3 hornets
  22 blink frogs
  3 spriggans (D:10)
  A wraith (D:11)
  4 wyverns
  12 yaks
  5 basilisks
  5 vampire mosquitoes (Lair:6)
  2 wargs (D:9)
  Menkaure (D:7)
  An acid dragon (D:11)
  Duvessa (D:7)
  20 water moccasins
  3 ice beasts
  3 orc warriors
  2 hornet zombies (D:8)
  An ogre (D:7)
  10 wolves
  2 necrophages
  A centaur (D:10)
  3 kobold brigands
  17 bullfrogs
  A gnoll sergeant (D:6)
  6 scorpions
  2 water moccasin zombies (D:5)
  2 wyvern zombies
  11 killer bees
  Dowan (D:7)
  2 oklob saplings (D:8)
  6 electric eels
  5 wights (D:7)
  3 howler monkeys (D:7)
  2 centaur zombies
  4 jellies
  3 bullfrog skeletons
  A centaur skeleton (D:7)
  3 hounds
  5 orc priests
  Crazy Yiuf (D:4)
  2 gnoll shamans (D:6)
  3 iguanas
  A scorpion zombie (D:5)
  7 orc wizards
  10 hell rats
  A howler monkey zombie (D:9)
  9 gnolls (D:6)
  Robin (D:4)
  2 howler monkey skeletons
  14 adders
  A shadow imp (D:7)
  An adder zombie (D:5)
  5 worms
  3 dart slugs
  28 orcs
  4 endoplasms
  6 giant cockroaches
  8 hobgoblins
  8 jackals
  13 kobolds
  2 quokkas
  13 ball pythons
  7 bats
  A frilled lizard (D:2)
  17 goblins
  5 rats
439 creatures vanquished.

Vanquished Creatures (collateral kills)
  2 hydras
  A merfolk siren (Lair:2)
  3 cane toads (Lair:6)
  3 blink frogs (Lair:6)
  2 yaks (Lair:6)
  A vampire mosquito (Lair:6)
  A black bear (D:5)
  4 bullfrogs (Lair:6)
  An orc (D:9)
18 creatures vanquished.

Vanquished Creatures (others)
  167 fulminant prisms
  42 fungi
  112 plants
  14 toadstools
335 creatures vanquished.

Grand Total: 792 creatures vanquished

Notes
Turn   | Place    | Note
-------+----------+-------------------------------------------
     0 | D:1      | jestyr24 the Djinni Conjurer began the quest for the Orb.
     0 | D:1      | Reached XP level 1. HP: 15/15 MP: 0/0
   319 | D:1      | Reached XP level 2. HP: 19/21 MP: 0/0
   648 | D:1      | Reached skill level 4 in Spellcasting
  1558 | D:2      | Reached XP level 3. HP: 21/25 MP: 0/0
  1558 | D:2      | Learned a level 1 spell: Sandblast
  1958 | D:2      | Found a faded altar of an unknown god.
  2051 | D:2      | Reached XP level 4. HP: 19/31 MP: 0/0
  2500 | D:3      | Reached skill level 5 in Spellcasting
  2790 | D:3      | Reached XP level 5. HP: 31/35 MP: 0/0
  2790 | D:3      | Learned a level 2 spell: Passwall
  3539 | D:4      | Noticed Robin
  3561 | D:4      | Killed Robin
  3896 | D:4      | Reached skill level 1 in Fighting
  4299 | D:4      | Reached XP level 6. HP: 40/42 MP: 0/0
  4390 | D:4      | Found a runed translucent door.
  4391 | D:4      | Noticed Crazy Yiuf
  4398 | D:4      | Killed Crazy Yiuf
  4793 | D:5      | Entered Level 5 of the Dungeon
  4865 | D:5      | Reached skill level 6 in Spellcasting
  5153 | D:5      | Reached XP level 7. HP: 30/49 MP: 0/0
  5153 | D:5      | Learned a level 3 spell: Call Canine Familiar
  6122 | D:6      | Reached skill level 7 in Spellcasting
  6124 | D:6      | Reached XP level 8. HP: 33/56 MP: 0/0
  6392 | D:6      | Identified the +9 arbalest of Grand Offence {freeze, Drain
                  | rPois Int+2 Dex+3}
  7030 | D:7      | Noticed Duvessa
  7030 | D:7      | Noticed Dowan
  7037 | D:7      | Reached skill level 8 in Spellcasting
  7039 | D:7      | Killed Dowan
  7041 | D:7      | Killed Duvessa
  7449 | D:7      | Noticed Maggie
  7455 | D:7      | Noticed Menkaure
  7458 | D:7      | Killed Maggie
  7459 | D:7      | Reached XP level 9. HP: 45/63 MP: 0/0
  7459 | D:7      | Learned a level 3 spell: Gell's Gravitas
  7459 | D:7      | Killed Menkaure
  7460 | D:7      | Reached skill level 9 in Spellcasting
  7633 | D:7      | Reached skill level 5 in Fighting
  7725 | D:7      | Noticed Joseph
  7742 | D:7      | Found a staircase to the Ecumenical Temple.
  7745 | D:7      | Killed Joseph
  7746 | D:7      | Reached skill level 10 in Spellcasting
  7756 | Temple   | Entered the Ecumenical Temple
  7877 | Temple   | Became a worshipper of Makhleb the Destroyer
  7944 | D:7      | Found a stormy altar of Qazlal.
  7985 | D:7      | Reached XP level 10. HP: 30/70 MP: 0/0
  8888 | D:8      | Reached * piety under Makhleb
  8984 | D:8      | Reached skill level 11 in Spellcasting
  9432 | D:9      | Reached ** piety under Makhleb
  9552 | D:9      | Found a staircase to the Orcish Mines.
  9571 | D:9      | Noticed a manticore
  9583 | D:9      | Reached skill level 1 in Polearms
  9586 | D:9      | Killed a manticore
  9587 | D:9      | Reached XP level 11. HP: 69/78 MP: 0/0
  9587 | D:9      | Learned a level 4 spell: Animate Dead
 10086 | D:9      | Identified a scroll of acquirement
 10086 | D:9      | Acquired a staff of conjuration
 10120 | D:10     | Entered Level 10 of the Dungeon
 10139 | D:10     | Noticed a skeletal warrior
 10139 | D:10     | Noticed a skeletal warrior
 10145 | D:10     | Reached skill level 12 in Spellcasting
 10150 | D:10     | Killed a skeletal warrior
 10152 | D:10     | Noticed a skeletal warrior
 10169 | D:10     | Killed a skeletal warrior
 10177 | D:10     | Killed a skeletal warrior
 10286 | D:10     | Noticed a two-headed ogre
 10293 | D:10     | Killed a two-headed ogre
 10295 | D:10     | Noticed Urug
 10310 | D:10     | Killed Urug
 10311 | D:10     | Reached skill level 1 in Armour
 10397 | D:10     | Found a runed translucent door.
 10400 | D:10     | Noticed a spriggan rider
 10400 | D:10     | Noticed indyram44's ghost (novice MfGl)
 10400 | D:10     | Identified the +4 spear "Xieme" {protect, rCorr Stlth+}
 10418 | D:10     | Killed indyram44's ghost
 10419 | D:10     | Reached skill level 13 in Spellcasting
 10807 | D:11     | Reached skill level 5 in Dodging
 10807 | D:11     | Reached XP level 12. HP: 85/88 MP: 0/0
 11044 | D:11     | Reached skill level 1 in Evocations
 11050 | D:11     | Found a staircase to the Lair.
 11076 | D:11     | Noticed a centaur warrior
 11084 | D:11     | Killed a centaur warrior
 11157 | D:11     | Found Tois Veu's Magic Scroll Shoppe.
 11158 | D:11     | Found Fahya's Book Shoppe.
 11160 | D:11     | Found Daufaev's Antique Weapon Shoppe.
 11161 | D:11     | Found Catt's General Store.
 11456 | D:11     | Noticed a boulder beetle
 11465 | D:11     | Killed a boulder beetle
 11561 | Lair:1   | Entered Level 1 of the Lair of Beasts
 11883 | Lair:1   | Identified the +0 robe of Rotation {rC+ Dex+4}
 11893 | Lair:1   | Noticed a four-headed hydra
 11897 | Lair:1   | Killed a four-headed hydra
 11990 | Lair:1   | You are sucked into a shaft and drop 1 floor!
 12015 | Lair:2   | Reached *** piety under Makhleb
 12093 | Lair:2   | Noticed an eight-headed hydra
 12098 | Lair:2   | Killed an eight-headed hydra
 12200 | Lair:2   | Found a hole to the Spider Nest.
 12366 | Lair:2   | Reached skill level 14 in Spellcasting
 12438 | Lair:2   | Found a staircase to the Shoals.
 12852 | D:11     | Bought a scroll of acquirement for 728 gold pieces
 12852 | D:11     | Acquired the +0 pair of fencer's gloves {Riposte Dex+3}
 12853 | D:11     | Found the +0 pair of fencer's gloves {Riposte Dex+3}
 12928 | Lair:3   | Reached skill level 5 in Stealth
 12963 | Lair:3   | Reached **** piety under Makhleb
 13449 | Lair:4   | Noticed a four-headed hydra
 13453 | Lair:4   | Noticed Nergalle
 13454 | Lair:4   | Killed a four-headed hydra
 13455 | Lair:4   | Reached XP level 13. HP: 94/94 MP: 0/0
 13455 | Lair:4   | Learned a level 5 spell: Silence
 13610 | Lair:4   | Killed Nergalle
 14391 | Lair:5   | Reached skill level 15 in Spellcasting
 14431 | Lair:5   | Reached skill level 10 in Fighting
 14644 | Lair:5   | Identified the +7 hand axe of Febru {drain, rN+ Stlth+}
 14661 | Lair:5   | Noticed Sonja
 14664 | Lair:5   | Killed Sonja
 14683 | Lair:5   | Reached ***** piety under Makhleb
 15105 | Lair:5   | Found a runed translucent door.
 15192 | Lair:5   | Identified the +5 chain mail of Omission {Str+4}
 15373 | Lair:6   | Entered Level 6 of the Lair of Beasts
 15429 | Lair:6   | Reached XP level 14. HP: 76/103 MP: 0/0
 15442 | Lair:6   | Reached skill level 16 in Spellcasting
 15824 | Lair:6   | Reached ****** piety under Makhleb
 16208 | Lair:6   | Killed by an exploding fulminant prism

Illustrated notes

Levels and vault maps discovered:
D:1:      ldierk_walled_garden, layout_basic, serial_forest,
          infiniplex_forest_clump_tiny, infiniplex_forest_lined_2,
          infiniplex_forest_clump_C, infiniplex_forest_lined_room_2,
          infiniplex_forest_lined_corner, infiniplex_forest_clump_small,
          infiniplex_forest_diagonal, infiniplex_forest_clump_double,
          infiniplex_forest_zigzag_2, infiniplex_forest_corner_2
D:2:      layout_rooms, ebering_ecumenical_altar_mist, minmay_liquid_box
D:3:      layout_loops_ring, minmay_misc_feat_five, st_stairs_4,
          grunt_ministairs_15, kennysheep_nondescript, minmay_unequal
D:4:      layout_cave_pools, minmay_misc_feat_hallway, minmay_bisected,
          uniq_robin, uniq_crazy_yiuf_cottage
D:5:      layout_rooms, chequers_serial_rivers_small_3, grunt_ministairs_6
D:6:      layout_rooms
D:7:      minmay_general_purpose_star, layout_layer_cave,
          nicolae_qazlal_eye_of_the_storm, minmay_temple_entry_glassed_door,
          amcnicky_mini_pool_medium, uniq_menkaure, uniq_joseph, uniq_duvessa,
          uniq_maggie
D:8:      layout_gridville, introduction_to_nature_1
D:9:      layout_rooms, erik_orc_4, minmay_circle_x
D:10:     layout_basic, ebering_ghost_funeral_grove, uniq_urug
D:11:     layout_roguey, dpeg_oklobed_lair, nicolae_water_bricks,
          minmay_shop_grid_forest
Temple:   kilobyte_greek_temple
Lair:1:   layout_roguey
Lair:2:   layout_cave_pods, elwin_shoals_entry_stream,
          nicolae_spider_entry_non_spiders
Lair:3:   layout_long_grid
Lair:4:   layout_regular_city, serial_bayou_pond_a, infiniplex_staircase_pool_2,
          uniq_nergalle
Lair:5:   gammafunk_lair_enchanted_lake, layout_small_grid, uniq_sonja
Lair:6:   minmay_lair_end_frog_pond, layout_layer_cave, slime_altar_1

Skill      XL: |  1  2  3  4  5  6  7  8  9 10 11 12 13 14 |
---------------+-------------------------------------------+-----
Spellcasting   | 4 5 6 7 8 10 11 13 14 15 16 | 16.8
Stealth        | 2 3 4 5 |  5.2
Fighting       | 1 2 3 4 5 6 8 9 10 11 | 11.7
Dodging        | 3 4 5 |  5.1
Polearms       | 1 |  1.2
Armour         | 1 4 |  4.1
Evocations     | 2 |  2.5

Action                   |  1- 3 |  4- 6 |  7- 9 | 10-12 | 13-15 || total
-------------------------+-------+-------+-------+-------+-------++-------
Melee: Falchion          |       |     7 |       |       |       ||     7
       Trident           |       |       |     3 |    19 |    17 ||    39
       Staff             |       |       |       |     2 |       ||     2
 Cast: Magic Dart        |    49 |    90 |    74 |    65 |    26 ||   304
       Searing Ray       |     8 |    17 |    26 |    40 |    29 ||   120
       Iskenderun's Myst |       |     5 |    22 |    84 |    99 ||   210
       Fulminant Prism   |       |     3 |    32 |    76 |    56 ||   167
       Call Canine Famil |       |       |     3 |       |       ||     3
       Gell's Gravitas   |       |       |       |     9 |     9 ||    18
       Animate Dead      |       |       |       |     4 |     8 ||    12
       Passwall          |       |       |       |     1 |       ||     1
       Silence           |       |       |       |       |     1 ||     1
Evoke: Wand              |       |       |       |     1 |     1 ||     2
  Use: Scroll            |       |     6 |     3 |    12 |       ||    21
       Potion            |       |       |       |     3 |       ||     3
 Stab: Sleeping          |       |     1 |       |       |       ||     1
       Distracted        |       |       |       |     1 |       ||     1
Armor: Robe              |     2 |     4 |     3 |     7 |       ||    16
       Troll leather arm |       |       |       |     8 |    29 ||    37
Dodge: Dodged            |     9 |    11 |    11 |    27 |    28 ||    86
       Rpst.: Falchion   |       |       |     2 |       |       ||     2

Table legend: (Time is in decaauts)
 A = Elapsed time spent in this place.
 B = Non-inter-level travel time spent in this place.
 C = Inter-level travel time spent in this place.
 D = Time resting spent in this place.
 E = Time spent auto-exploring this place.
 F = Levels seen in this place.
 G = Mean time per level.
                   A        B        C        D        E       F      G
               +--------+--------+--------+--------+--------+-----+--------+
         Total |  16245 |  15348 |    897 |   2189 |   9899 |  18 |  902.5 |
       Dungeon |  11539 |  10884 |    655 |   2015 |   6954 |  11 | 1049.0 |
        Temple |    155 |    131 |     24 |      0 |    111 |   1 |  155.0 |
          Lair |   4549 |   4331 |    218 |    174 |   2834 |   6 |  758.2 |
               +--------+--------+--------+--------+--------+-----+--------+

Top non-repeatable levels by time:
     D:2: 1318 daAuts
     D:4: 1305 daAuts
     D:1: 1284 daAuts
     D:3: 1279 daAuts
     D:7: 1274 daAuts
     D:5: 1090 daAuts
  Lair:5: 1054 daAuts
     D:6: 964 daAuts
    D:11: 848 daAuts
  Lair:6: 829 daAuts
     D:9: 764 daAuts
  Lair:4: 748 daAuts
  Lair:2: 720 daAuts
     D:8: 706 daAuts
    D:10: 702 daAuts
